 Dungeon Crawl Stone Soup version 0.27-a0-263-gc8dee61f84 (webtiles) character file.

Game seed: 8551502133830283195

86 scarywalker64 the Digger (level 4, -2/35 HPs)
             Began as a Demigod Earth Elementalist on Feb 5, 2021.
             Slain by Natasha (7 damage)
             ... on level 2 of the Dungeon.
             The game lasted 00:04:06 (2261 turns).

scarywalker64 the Digger (DgEE)                     Turns: 2261, Time: 00:04:08

Health: -2/35      AC:  2    Str: 13    XL:     4   Next: 6%
Magic:  10/10      EV: 13    Int: 19    God:
Gold:   0          SH:  0    Dex: 16    Spells: 6/7 levels left

rFire    + . .     SeeInvis .   m - +0 whip (elec)
rCold    + . .     Faith    .   (no shield)
rNeg     + . .     Spirit   .   c - +0 robe
rPois    +         Reflect  .   (no helmet)
rElec    +         Harm     .   (no cloak)
rCorr    +         Rampage  .   (no gloves)
Will     .....                  (no boots)
Stlth    ++........             (no amulet)
HPRegen  0.11/turn              a - ring of positive energy
MPRegen  0.12/turn              (no ring)

@: resistant, flying, very slightly contaminated, slowed, invisible, very slow
A: high mp 1
a: no special abilities


You were on level 2 of the Dungeon.
You visited 1 branch of the dungeon, and saw 2 of its levels.

Inventory:

Hand Weapons
 m - a +0 whip of electrocution (weapon)
Missiles
 b - 103 stones
Armour
 c - a +0 robe (worn)
Jewellery
 a - a ring of positive energy (left hand)
Wands
 n - a wand of charming (10)
Scrolls
 d - a scroll of fear {unknown}
 g - a scroll of magic mapping {unknown}
 i - a scroll of remove curse {unknown}
 j - a scroll of teleportation {unknown}
Potions
 e - a potion of heal wounds {unknown}
 f - a potion of invisibility
 h - a potion of magic
 l - a potion of curing


   Skills:
 * Level 1.0 Fighting
 + Level 0.1 Short Blades
 + Level 0.3 Maces & Flails
 + Level 2.3 Dodging
 - Level 1.7 Stealth
 * Level 2.3 Spellcasting
 + Level 0.8 Transmutations
 * Level 3.6 Earth Magic


You had 6 spell levels left.
You knew the following spells:

 Your Spells              Type           Power        Failure   Level
a - Sandblast             Erth           32%          3%          1

Your spell library contained the following spells:

 Spells                   Type           Power        Failure   Level
 Passwall                 Tmut/Erth      8%           10%         2
 Stone Arrow              Conj/Erth      18%          24%         3
 Petrify                  Tmut/Erth      10%          54%         4
 Lee's Rapid Deconstruct  Erth           8%           71%         5


Dungeon Overview and Level Annotations

Branches:
Dungeon (2/15)

Annotations:
D:2 1 runed translucent door, Crazy Yiuf, Natasha


Innate Abilities, Weirdness & Mutations

You have an increased reservoir of magic. (+10% MP)


Message History

Natasha shimmers violently.
A kobold comes into view. It is wielding a +0 dagger.
You are very lightly contaminated with residual magic.
It was a potion of magic.
Magic courses through your body. Natasha barely misses you.
It was a potion of curing.
You feel better.
The frilled lizard hisses angrily.
Natasha claws you! The ball python bites you. Natasha claws you.
* * * LOW HITPOINT WARNING * * *
It was a potion of flight.
You feel very buoyant.
You fly up into the air.
The ball python barely misses you. The ball python closely misses you.
Natasha closely misses you.
It was a potion of resistance.
You feel protected.
The crimson imp disappears in a puff of smoke!
The ball python barely misses you. Natasha claws you.
* * * LOW HITPOINT WARNING * * *
The ball python barely misses you. Natasha claws you!
You die...

..... #+## # #.... ... .
###.... #.# # #.....#
######.# # #.....#
#......# # #.(...#
#......# #
#....†#####......# #
.###...S@##..h......#####
..K...>.lh§†.............
##.......##.........#####
#...#.####....####.#....
.... #. #....# #.#....
... #. #....# #.#.... ..
#. #....# #.#.... # #.
###### #.####. #. #. ##


You could see Natasha, a ball python, a kobold (wandering) and a frilled lizard.

Vanquished Creatures
  Natasha (D:2)
  An ooze (D:1)
  A worm (D:2)
  A dart slug (D:1)
  A leopard gecko (D:1)
  5 bats
  A giant cockroach (D:1)
  2 goblins
  8 hobgoblins (D:1)
  10 jackals (D:1)
  A quokka (D:2)
  5 frilled lizards (D:1)
  8 kobolds (D:1)
  3 rats
48 creatures vanquished.

Vanquished Creatures (others)
  9 plants (D:1)
9 creatures vanquished.

Grand Total: 57 creatures vanquished

Notes
Turn   | Place    | Note
-------+----------+-------------------------------------------
     0 | D:1      | scarywalker64 the Demigod Earth Elementalist began the
                  | quest for the Orb.
     0 | D:1      | Reached XP level 1. HP: 14/14 MP: 5/5
   642 | D:1      | Reached skill level 3 in Earth Magic
   668 | D:1      | Reached XP level 2. HP: 18/22 MP: 7/7
  1186 | D:1      | Reached XP level 3. HP: 24/27 MP: 8/8
  1645 | D:1      | Found a sparkling altar of Nemelex Xobeh.
  2128 | D:2      | Found a runed translucent door.
  2129 | D:2      | Noticed Crazy Yiuf
  2235 | D:2      | Noticed Natasha
  2249 | D:2      | Killed Natasha
  2250 | D:2      | Reached skill level 1 in Fighting
  2250 | D:2      | Reached XP level 4. HP: 13/35 MP: 10/10
  2251 | D:2      | Noticed Natasha
  2261 | D:2      | Slain by Natasha

Illustrated notes

Levels and vault maps discovered:
D:1:      scummos_arrival_simple_fountains, layout_loops_ring, serial_bayou,
          serial_bayou_lagoon_a, serial_bayou_crossing, serial_bayou_ford_a,
          serial_bayou_pond_b, nemelex_diamond_rough_becter
D:2:      minmay_chambers_of_ones, layout_basic, uniq_jessica, uniq_natasha,
          uniq_crazy_yiuf_cottage

Skill      XL: |  1  2  3 |
---------------+----------+-----
Earth Magic    | 3 |  3.6
Spellcasting   | 2 |  2.3
Dodging        | 2 |  2.3
Fighting       | 1 |  1.0
Short Blades   | |  0.1
Maces & Flails | |  0.3
Stealth        | |  1.7
Transmutations | |  0.8

Action                   |  1- 3 |  4- 6 || total
-------------------------+-------+-------++-------
Melee: Dagger            |    34 |       ||    34
       Whip              |   115 |       ||   115
 Cast: Sandblast         |     7 |       ||     7
  Use: Potion            |       |     5 ||     5
 Stab: Sleeping          |     2 |       ||     2
Armor: Robe              |    19 |       ||    19
Dodge: Dodged            |   105 |     6 ||   111

Table legend: (Time is in decaauts)
 A = Elapsed time spent in this place.
 B = Non-inter-level travel time spent in this place.
 C = Inter-level travel time spent in this place.
 D = Time resting spent in this place.
 E = Time spent auto-exploring this place.
 F = Levels seen in this place.
 G = Mean time per level.
                   A        B        C        D        E       F      G
               +--------+--------+--------+--------+--------+-----+--------+
         Total |   2313 |   2297 |     16 |    706 |   1189 |   2 | 1156.5 |
       Dungeon |   2313 |   2297 |     16 |    706 |   1189 |   2 | 1156.5 |
               +--------+--------+--------+--------+--------+-----+--------+

Top non-repeatable levels by time:
     D:1: 1945 daAuts
     D:2: 368 daAuts
